 Dungeon Crawl Stone Soup version 0.27-a0-1442-g87b6fcb595 (webtiles) character file.

Game seed: 9425802524634917055

184 quinnr the Zephyrmancer (level 5, -5/28 HPs)
             Began as a Tengu Air Elementalist on July 4, 2021.
             Killed by nerve-wracking pain
             ... invoked by Grinder
              (13 damage)
             ... in the Ecumenical Temple.
             The game lasted 00:10:30 (5043 turns).

quinnr the Zephyrmancer (Tengu Air Elementalist)    Turns: 5043, Time: 00:10:31

Health: -5/28      AC:  2    Str:  8    XL:     5   Next: 64%
Magic:  1/9        EV: 14    Int: 16    God:
Gold:   10         SH:  0    Dex: 15    Spells: 3/8 levels left

rFire    . . .     SeeInvis .   i - +0 rapier
rCold    . . .     Faith    .   (no shield)
rNeg     . . .     Spirit   .   a - +0 robe
rPois    .         Reflect  .   m - +0 hat
rElec    .         Harm     .   (no cloak)
rCorr    .         Rampage  .   (no gloves)
Will     .....                  (boots unavailable)
Stlth    ++........             (no amulet)
HPRegen  0.09/turn              (no ring)
MPRegen  0.11/turn              (no ring)

@: flying quickly and evasively, very slightly contaminated, invisible, quick
A: beak, talons 3, nimble flight
a: no special abilities


You were in the Ecumenical Temple.
You visited 2 branches of the dungeon, and saw 5 of its levels.

You collected 88 gold pieces.
You spent 78 gold pieces at shops.

Inventory:

Hand Weapons
 i - a +0 rapier (weapon)
Missiles
 l - 44 stones
Armour
 a - a +0 robe (worn)
 m - a +0 hat (worn)
Wands
 r - a wand of flame (22)
Scrolls
 c - 3 scrolls of noise
 d - 3 scrolls of teleportation {unknown}
 h - a scroll of enchant armour {unknown}
 k - a scroll of magic mapping
 o - a scroll of amnesia {unknown}
 p - a scroll of acquirement {unknown}
Potions
 e - a potion of haste {unknown}
 f - a potion of brilliance {unknown}
 g - a potion of degeneration {unknown}
 q - a potion of mutation
Miscellaneous
 n - a phial of floods (inert)


   Skills:
 - Level 2.1 Dodging
 - Level 2.0 Stealth
 - Level 2.0 Spellcasting
 - Level 1.3 Conjurations
 * Level 8.1 Air Magic


You had 3 spell levels left.
You knew the following spells:

 Your Spells              Type           Power      Damage    Failure   Level
a - Shock                 Conj/Air       64%        1d7       3%          1
b - Airstrike             Air            13%        N/A       8%          4

Your spell library contained the following spells:

 Spells                   Type           Power      Damage    Failure   Level
 Swiftness                Air            27%        N/A       2%          3
 Static Discharge         Conj/Air       16%        N/A       4%          2


Dungeon Overview and Level Annotations

Branches:
Dungeon (4/15)             Temple (1/1) D:4

Altars:
Dithmenos
Fedhas
Gozag
Hepliaklqana
Kikubaaqudgha
Nemelex Xobeh
Okawaru
Qazlal
Ru
Sif Muna
Trog
Wu Jian
Yredelemnul
Zin

Shops:
D:1 ::[?=

Annotations:
D:4 Ijyb
Temple Grinder


Innate Abilities, Weirdness & Mutations

You have a beak for a mouth.
You have claws for feet.
Your magical nature lets you fly swiftly and evasively.


Message History

Press: ? - help, Shift-Dir - straight line The zap hits Grinder.
Grinder is heavily wounded.
The giant cockroach closely misses you.
Grinder drinks a potion.
Grinder is healed!
Unknown command.
Casting: Shock (safe; 3% risk of failure)
Confirm with . or Enter, or press ? or * to list all spells.
Aiming: Shock (safe; 3% risk of failure)
Press: ? - help, Shift-Dir - straight line
Okay, then.
Unknown command.
Press: ? - help, v - describe, . - travel
Here: Grinder The floor.
Unknown command.
It was a potion of invisibility.
You fade into invisibility!
The giant cockroach bites you but does no damage.
Grinder misses you.
It was a potion of curing.
You feel better. The giant cockroach barely misses you. Grinder misses you.
The giant cockroach closely misses you.
Unknown command.
Casting: Shock (safe; 3% risk of failure)
Confirm with . or Enter, or press ? or * to list all spells.
Aiming: Shock (safe; 3% risk of failure)
Press: ? - help, Shift-Dir - straight line The zap hits Grinder.
Grinder is lightly wounded.
The giant cockroach misses you. Grinder hits you.
You writhe in agony.
* * * LOW HITPOINT WARNING * * *
Unknown command.
Grinder blinks!
Okay, then.
You closely miss the giant cockroach. You claw the giant cockroach.
You kill the giant cockroach!
Grinder gestures at you. Pain shoots through your body!
You die...

#...'...'...#
#####...#####
#...#...#...#
#._.#...#._.#
#...'...'...#
######'######
#...#....)..#
#._.+.....<.#
#...#..@†§..#
######'######
#...5...'...#
#._.#...#._.#
#...#...#...#
#####...#####
#...'...'...#
#._.#...#._.#
#...#...#...#


You could see Grinder.

Vanquished Creatures
  Natasha (thrice) (D:3)
  An orc wizard (D:3)
  2 adders (D:2)
  A worm (D:2)
  3 orcs
  8 ball pythons
  5 bats
  2 endoplasms
  3 giant cockroaches
  4 hobgoblins
  4 jackals (D:2)
  7 kobolds
  5 quokkas
  6 goblins
  5 rats
59 creatures vanquished.

Notes
Turn   | Place    | Note
-------+----------+-------------------------------------------
     0 | D:1      | quinnr the Tengu Air Elementalist began the quest for the
                  | Orb.
     0 | D:1      | Reached XP level 1. HP: 10/10 MP: 4/4
    39 | D:1      | Found Pothrunga's Magic Scroll Boutique.
    53 | D:1      | Found Feugirph's Jewellery Shop.
    77 | D:1      | Found Elusy's Book Shop.
    86 | D:1      | Found Voro's Book Boutique.
   347 | D:1      | Reached XP level 2. HP: 15/15 MP: 0/6
   411 | D:1      | Found Basua's Antique Armour Emporium.
   699 | D:1      | Reached skill level 5 in Air Magic
  1074 | D:2      | Reached XP level 3. HP: 19/19 MP: 2/7
  1472 | D:2      | Reached skill level 6 in Air Magic
  1950 | D:2      | Reached XP level 4. HP: 21/24 MP: 1/8
  2681 | D:1      | Bought a scroll of magic mapping for 42 gold pieces
  2815 | D:3      | Reached skill level 7 in Air Magic
  2874 | D:3      | Found an ornate altar of the Wu Jian Council.
  3008 | D:3      | Noticed Natasha
  3026 | D:3      | Killed Natasha
  3027 | D:3      | Gained mutation: Your magical nature lets you fly swiftly
                  | and evasively. [Tengu growth]
  3027 | D:3      | Reached XP level 5. HP: 12/28 MP: 5/9
  3339 | D:3      | Noticed Natasha
  3347 | D:3      | Killed Natasha
  3530 | D:3      | Noticed Natasha
  3542 | D:3      | Killed Natasha
  3543 | D:3      | Reached skill level 8 in Air Magic
  4158 | D:1      | Bought a scroll of identify for 24 gold pieces
  4158 | D:1      | Bought a scroll of noise for 12 gold pieces
  4362 | D:4      | Found a staircase to the Ecumenical Temple.
  4368 | D:4      | Noticed Grinder
  4370 | D:4      | Paralysed by Grinder for 5 turns
  4377 | Temple   | Entered the Ecumenical Temple
  4520 | D:4      | Paralysed by Grinder for 5 turns
  4523 | D:4      | Noticed Ijyb
  4777 | Temple   | Learned a level 4 spell: Airstrike
  4805 | D:4      | Paralysed by Grinder for 4 turns
  5043 | Temple   | Killed from afar by Grinder

Illustrated notes

Levels and vault maps discovered:
D:1:      dpeg_arrival_ternary, layout_basic, serial_shops, shop_fountains,
          nicolae_shop_temple_entry_statues_fountains, shop_statue,
          shop_fountains, shop, columned_hall_lemuel
D:2:      layout_rooms
D:3:      layout_basic, lemuel_tele_altar, minmay_checkerbox, uniq_natasha
D:4:      layout_cave_pools, lightli_temple_of_fire,
          minmay_temple_entry_mini_moons, minmay_misc_feat_four_crosses,
          uniq_ijyb, uniq_sigmund, uniq_grinder, uniq_duvessa
Temple:   nicolae_temple_god_jail

Skill      XL: |  1  2  3  4  5 |
---------------+----------------+-----
Air Magic      | 5 6 7 8 |  8.1
Dodging        | |  2.1
Stealth        | |  2.0
Spellcasting   | |  2.0
Conjurations   | |  1.3

Action                   |  1- 3 |  4- 6 || total
-------------------------+-------+-------++-------
Melee: Unarmed           |     2 |       ||     2
       Rapier            |     4 |     5 ||     9
       Peck              |     1 |     1 ||     2
       Kick              |       |     2 ||     2
 Cast: Shock             |    83 |    71 ||   154
Evoke: Phial of floods   |       |     1 ||     1
  Use: Potion            |       |     2 ||     2
       Scroll            |       |     1 ||     1
Armor: Robe              |     6 |     5 ||    11
Dodge: Dodged            |    21 |    37 ||    58

Table legend: (Time is in decaauts)
 A = Elapsed time spent in this place.
 B = Non-inter-level travel time spent in this place.
 C = Inter-level travel time spent in this place.
 D = Time resting spent in this place.
 E = Time spent auto-exploring this place.
 F = Levels seen in this place.
 G = Mean time per level.
                   A        B        C        D        E       F      G
               +--------+--------+--------+--------+--------+-----+--------+
         Total |   4966 |   4608 |    358 |   1403 |   2690 |   5 |  993.2 |
       Dungeon |   4323 |   3978 |    345 |    886 |   2615 |   4 | 1080.8 |
        Temple |    643 |    631 |     12 |    517 |     74 |   1 |  643.0 |
               +--------+--------+--------+--------+--------+-----+--------+

Top non-repeatable levels by time:
     D:3: 1744 daAuts
     D:1: 1293 daAuts
     D:2: 1249 daAuts
  Temple: 643 daAuts
     D:4: 35 daAuts
